 Dungeon Crawl Stone Soup version 0.30-a0-322-g102857c98e (webtiles) character file.

Game seed: 17884844873231774271

3013 lunkers the Blocker (level 10, -10/84 HPs)
             Began as a Meteoran Earth Elementalist on Oct 27, 2022.
             Was a High Priest of Okawaru.
             Collided with a rock wall (16 damage)
             ... caused by Erica
             ... on level 8 of the Dungeon.
             The game lasted 00:08:52 (2473 turns).

lunkers the Blocker (Meteoran Earth Elementalist)   Turns: 2473, Time: 00:08:52

Health: -10/84     AC:  7    Str: 15    XL:     10   Next: 31%
Magic:  1/18       EV: 11    Int: 20    God:    Okawaru [*****.]
Gold:   256        SH: 13    Dex: 17    Spells: 13/19 levels left

rFire   + + .      SeeInvis .    A - +1 flail (holy)
rCold   + + +      Faith    .    c - +2 shield of Resistance {rF++ rC++ Will++}
rNeg    . . .      Spirit   .    e - +2 robe {Will+}
rPois   .          Reflect  .    n - +1 helmet
rElec   .          Harm     .    D - +0 cloak
rCorr   .          Rampage  .    (no gloves)
Will    ++++.                    (no boots)
Stlth   +.........               (no amulet)
HPRegen 0.34/turn                m - ring of protection from cold
MPRegen 0.16/turn                g - +6 ring of strength

@: glowing
A: sense surroundings 2, otherworldly, glowing, explore regen
a: Renounce Religion, Heroism, Finesse, Duel


You were on level 8 of the Dungeon.
You worshipped Okawaru.
Okawaru was extremely pleased with you.
You visited 1 branch of the dungeon, and saw 8 of its levels.

You collected 256 gold pieces.

Inventory:

Hand Weapons
 w - a +1 short sword of holy wrath
 A - a +1 flail of holy wrath (weapon)
Missiles
 o - 2 throwing nets
Armour
 c - the +2 shield of Resistance (worn) {rF++ rC++ Will++}
   (You acquired it on level 5 of the Dungeon)

   rF:        It greatly protects you from fire.
   rC:        It greatly protects you from cold.
   Will:      It greatly increases your willpower.
 e - a +2 robe of willpower (worn)
 n - a +1 helmet (worn)
 D - a +0 cloak (worn)
Jewellery
 g - a +6 ring of strength (right hand)
 m - a ring of protection from cold (left hand)
 q - a ring of wizardry
Wands
 i - a wand of flame (43)
 y - a wand of digging (3)
Scrolls
 a - 2 scrolls of enchant weapon
 d - 2 scrolls of enchant armour
 f - 2 scrolls of identify
 j - 4 scrolls of teleportation
 r - a scroll of fear
Potions
 b - a potion of magic
 h - a potion of ambrosia
 k - a potion of might
 l - a potion of heal wounds
 p - a potion of lignification
 s - a potion of attraction
 t - 3 potions of mutation
 u - a potion of berserk rage
 v - 2 potions of curing
 z - 2 potions of haste
 B - 3 potions of cancellation


   Skills:
 - Level 6.7 Fighting
 * Level 7.1 Maces & Flails
 - Level 2.4 Dodging
 - Level 1.4 Stealth
 + Level 8.7 Shields
 - Level 5.2 Spellcasting
 - Level 1.2 Transmutations
 - Level 7.4 Earth Magic
 - Level 4.0 Invocations


You had 13 spell levels left.
You knew the following spells:

 Your Spells              Type           Power      Damage    Failure   Level
a - Sandblast             Erth           70%        2d15      1%          1
b - Passwall              Tmut/Erth      18%        N/A       7%          2
c - Stone Arrow           Conj/Erth      40%        3d9       17%         3

Your spell library contained the following spells:

 Spells                   Type           Power      Damage    Failure   Level
 Magic Dart               Conj           20%        1d4       26%         1
 Petrify                  Tmut/Erth      22%        N/A       41%         4
 Inner Flame              Hex/Fire       5%         N/A       63%         3
 Mephitic Cloud           Conj/Pois/Air  5%         N/A       63%         3
 Flame Wave               Conj/Fire      5%         2d5       95%         4
 Sticky Flame             Conj/Fire      5%         2d3       95%         4
 Call Imp                 Summ           Unusable   N/A       N/A         2

Dungeon Overview and Level Annotations

Branches:
Dungeon (8/15) Zot: 2219   Temple (0/1) D:7
   Lair: D:8-11

Altars:
Kikubaaqudgha
Makhleb
Nemelex Xobeh
Okawaru
Uskayaw

Shops:
D:4 [!

Annotations:
D:1 2 transporters
D:8 Erica


Innate Abilities, Weirdness & Mutations

You passively map the area around you.
You are easily found by Zot.
You glow in the dark.
You regain HP and MP as you explore.


Message History

Confirm with . or Enter, or press ? or * to list all spells.
Aiming: Stone Arrow (dangerous; 17% risk of failure)
Press: ? - help, Shift-Dir - straight line, f/p - Erica
Aim: Erica, wielding a +1 scimitar of flaming and wearing a +0 robe (severely wounded, 68% to hit)
The stone arrow hits Erica!
Erica is severely wounded.
* * * LOW MAGIC WARNING * * *
Erica hits you with a +1 scimitar of flaming!
* * * LOW HITPOINT WARNING * * *
Erica burns you.
* * * LOW HITPOINT WARNING * * *
You completely miss Erica.
Erica is severely wounded.
You block Erica's attack.
Aiming: Sandblast (safe; 1% risk of failure)
Press: ? - help, Q - select action, (/) - cycle Shift-Dir - straight line, f/p - Erica
Aim: Erica, wielding a +1 scimitar of flaming and wearing a +0 robe (severely wounded, 82% to hit)
The blast of sand hits Erica.
Erica is almost dead.
* * * LOW MAGIC WARNING * * *
Erica gestures at you while chanting. The bolt of poison hits you!
You are poisoned.
* * * LOW HITPOINT WARNING * * *
You feel better. Erica barely misses you.
Aiming: Throw Flame
Press: ? - help, Shift-Dir - straight line, f/p - Erica
Aim: Erica, wielding a +1 scimitar of flaming and wearing a +0 robe (almost dead, 64% to hit)
The puff of flame hits Erica.
Erica is almost dead.
Erica misses you.
Unknown command.
You barely miss Erica.
Erica is almost dead.
Erica points at you and mumbles some strange words.
The lance of force hits you!!
* * * LOW HITPOINT WARNING * * *
You are knocked back by the lance of force.
You slam into the rock wall!
You die...

,,,,, * ...#*,* ...#* .#
...# .## ## * #.. ##..# .##
#.# #...# ..### ##.#,....#
....## #..###...# ..#..##
#######@.†@....#
...#..####.).##..###....#
.).##>.#.?.#.##.####....#
.).###....##......###†#.#
).###.....#>....#.###>#.###
.)....###......##.........#
...##......###.####.......#
...........# #.# #.......#
...........# #.# ######.##


You could see Erica.

Vanquished Creatures
  A deep elf pyromancer (D:8)
  A kobold demonologist (D:5)
  A water moccasin (D:5)
  2 orc warriors
  An ice beast (D:5)
  A sky beast (D:8)
  2 ogres
  A centaur (D:6)
  3 phantoms (D:6)
  2 kobold brigands
  A scorpion (D:5)
  A necrophage (D:6)
  6 wights (D:7)
  4 killer bees (D:8)
  A howler monkey (D:6)
  2 hounds (D:5)
  2 orc priests
  A jelly (D:7)
  6 orc wizards
  3 iguanas
  3 adders
  8 gnolls
  2 white imps
  2 worms
  17 orcs
  8 ball pythons
  6 endoplasms
  3 giant cockroaches
  8 goblins
  3 hobgoblins
  4 jackals
  2 quokkas
  2 bats
  2 frilled lizards (D:2)
  11 kobolds
  A rat (D:2)
124 creatures vanquished.

Notes
Turn   | Place    | Note
-------+----------+-------------------------------------------
     0 | D:1      | lunkers the Meteoran Earth Elementalist began the quest for
                  | the Orb.
     0 | D:1      | Reached XP level 1. HP: 14/14 MP: 5/5
    72 | D:1      | Reached XP level 2. HP: 12/20 MP: 1/6
   222 | D:1      | Reached XP level 3. HP: 26/26 MP: 6/8
   350 | D:2      | Found a faded altar of an unknown god.
   356 | D:2      | Prayed at the altar of an unknown god.
   356 | D:2      | Became a worshipper of Warmaster Okawaru
   356 | D:2      | Reached * piety under Okawaru
   542 | D:2      | Reached XP level 4. HP: 33/33 MP: 8/10
   602 | D:2      | Reached skill level 5 in Earth Magic
   850 | D:3      | Found an ancient bone altar of Kikubaaqudgha.
   864 | D:3      | Reached XP level 5. HP: 24/38 MP: 5/11
  1071 | D:4      | Found Yhapt's Armour Shoppe.
  1090 | D:4      | Found an iron altar of Okawaru.
  1122 | D:4      | Found Vikhlac's Distillery.
  1145 | D:4      | Learned a level 2 spell: Passwall
  1149 | D:4      | Learned a level 3 spell: Stone Arrow
  1194 | D:5      | Entered Level 5 of the Dungeon
  1211 | D:5      | Reached XP level 6. HP: 29/45 MP: 6/13
  1239 | D:5      | Noticed an ice beast
  1244 | D:5      | Killed an ice beast
  1267 | D:5      | Reached skill level 5 in Spellcasting
  1285 | D:5      | Reached ** piety under Okawaru
  1286 | D:5      | Reached XP level 7. HP: 42/50 MP: 11/15
  1305 | D:5      | Found a burning altar of Makhleb.
  1333 | D:5      | Identified a scroll of acquirement
  1333 | D:5      | Acquired the +2 shield of Resistance {rF++ rC++ Will++}
  1333 | D:5      | Found the +2 shield of Resistance {rF++ rC++ Will++}
  1375 | D:5      | Noticed a kobold demonologist
  1377 | D:5      | Reached skill level 1 in Fighting
  1377 | D:5      | Reached skill level 1 in Shields
  1377 | D:5      | Noticed a rust devil
  1380 | D:5      | Killed a kobold demonologist
  1380 | D:5      | Reached *** piety under Okawaru
  1381 | D:5      | Reached skill level 3 in Shields
  1381 | D:5      | Reached XP level 8. HP: 48/63 MP: 9/16
  1496 | D:5      | Reached skill level 4 in Shields
  1579 | D:5      | Reached skill level 5 in Shields
  1752 | D:6      | Reached skill level 5 in Fighting
  1812 | D:6      | Gained mutation: You passively map the area around you.
                  | [Meteoran growth]
  1812 | D:6      | Reached XP level 9. HP: 74/74 MP: 14/17
  1818 | D:6      | Reached **** piety under Okawaru
  1819 | D:6      | Reached skill level 6 in Shields
  1903 | D:6      | Reached skill level 7 in Shields
  2019 | D:7      | Reached skill level 1 in Maces & Flails
  2104 | D:7      | Found a hide-covered altar of Uskayaw.
  2115 | D:7      | Reached skill level 1 in Invocations
  2124 | D:7      | Reached ***** piety under Okawaru
  2177 | D:7      | Found a sparkling altar of Nemelex Xobeh.
  2197 | D:7      | Found a staircase to the Ecumenical Temple.
  2271 | D:8      | Noticed a deep elf pyromancer
  2277 | D:8      | Killed a deep elf pyromancer
  2278 | D:8      | Reached skill level 5 in Maces & Flails
  2278 | D:8      | Reached skill level 8 in Shields
  2278 | D:8      | Reached XP level 10. HP: 46/84 MP: 9/18
  2461 | D:8      | Noticed Erica
  2473 | D:8      | Collided with a rock wall

Illustrated notes

Levels and vault maps discovered:
D:1:      spicycebolla_arrival_transporter_tutorial, layout_basic,
          minmay_unequal
D:2:      layout_basic, dreamdust_ecumenical_altar_angels_and_demons,
          nrook_uturn, kennysheep_cross_bottleneck
D:3:      layout_loops_cross, mainiacjoe_overflow_concentric_impassable,
          lemuel_zombie_altar_yredelemnul, kennysheep_generic_room_7
D:4:      layout_rooms, kennysheep_okawaru_gauntlet, serial_shops,
          nicolae_take_the_stairs, shop_fountains, shop, nicolae_square_shop,
          nicolae_shop_hallway_plus, kennysheep_small_circle, uniq_eustachio,
          uniq_blork_the_orc
D:5:      layout_basic, mainiacjoe_overflow_surrounded_room
D:6:      layout_cave_pools, lightli_church_of_beogh
D:7:      layout_basic, mainiacjoe_overflow_paths,
          nicolae_uskayaw_murder_on_the_dancefloor, nicolae_ru_path_of_blood,
          mainiacjoe_overflow_catwalk, minmay_temple_entry_butterflies,
          roderic_cross_of_infinity
D:8:      layout_rooms, uniq_erica

Skill      XL: |  1  2  3  4  5  6  7  8  9 10 |
---------------+-------------------------------+-----
Earth Magic    | 4 5 6 7 |  7.4
Spellcasting   | 3 4 5 |  5.2
Fighting       | 3 5 6 |  6.7
Shields        | 3 5 8 |  8.7
Maces & Flails | 5 7 |  7.1
Invocations    | 3 4 |  4.0
Dodging        | |  2.4
Stealth        | |  1.4
Transmutations | |  1.2

Action                   |  1- 3 |  4- 6 |  7- 9 | 10-12 || total
-------------------------+-------+-------+-------+-------++-------
Melee: Unarmed           |     4 |       |     4 |       ||     8
       Short sword       |       |       |    10 |       ||    10
       Flail             |       |       |     2 |     9 ||    11
 Cast: Sandblast         |    27 |    71 |    84 |    30 ||   212
       Stone Arrow       |       |     1 |    13 |     4 ||    18
Evoke: Wand              |       |       |     1 |     1 ||     2
  Use: Scroll            |       |       |    20 |       ||    20
       Potion            |       |       |       |     1 ||     1
Armor: Robe              |     5 |     7 |     6 |     3 ||    21
Dodge: Dodged            |     9 |    12 |    16 |    13 ||    50
Block: Kite shield       |       |       |    35 |    33 ||    68

Table legend: (Time is in decaauts)
 A = Elapsed time spent in this place.
 B = Non-inter-level travel time spent in this place.
 C = Inter-level travel time spent in this place.
 D = Time resting spent in this place.
 E = Time spent auto-exploring this place.
 F = Levels seen in this place.
 G = Mean time per level.
                   A        B        C        D        E       F      G
               +--------+--------+--------+--------+--------+-----+--------+
         Total |   2579 |   2401 |    178 |      0 |   1588 |   8 |  322.4 |
       Dungeon |   2579 |   2401 |    178 |      0 |   1588 |   8 |  322.4 |
               +--------+--------+--------+--------+--------+-----+--------+

Top non-repeatable levels by time:
     D:2: 528 daAuts
     D:5: 490 daAuts
     D:6: 344 daAuts
     D:3: 291 daAuts
     D:1: 274 daAuts
     D:7: 260 daAuts
     D:8: 251 daAuts
     D:4: 137 daAuts
